 Dungeon Crawl Stone Soup version 0.21.1-1-g345015f (webtiles) character file.

51 Golfball the Cudgeler (level 3, 0/32 HPs)
             Began as a Naga Warper on Feb 20, 2018.
             Slain by an adder (3 damage)
             ... on level 2 of the Dungeon.
             The game lasted 00:08:23 (1286 turns).

Golfball the Cudgeler (Naga Warper)                 Turns: 1286, Time: 00:08:23

Health: 0/32       AC:  2    Str: 19    XL:     3   Next: 81%
Magic:  7/7        EV: 10    Int: 13    God:
Gold:   53         SH:  0    Dex: 10    Spells: 6/8 levels left

rFire    . . .     SeeInvis +   a - +0 mace
rCold    . . .     Gourm    .   (no shield)
rNeg     . . .     Faith    .   t - +0 robe (curse)
rPois    +         Spirit   .   (no helmet)
rElec    .         Reflect  .   (no cloak)
rCorr    .         Harm     .   (no gloves)
MR       .....                  (no barding)
Stlth    +.........             (no amulet)
HPRegen  0.10/turn              (no ring)
MPRegen  0.10/turn              (no ring)

@: mighty, lethally poisoned (0 -> -3), very slow
A: large, see invisible, deformed body, poison resistance, slowness 2, slow
metabolism 1, spit poison 1, AC +1
a: Spit Poison


You were on level 2 of the Dungeon.
You were not hungry.

You visited 1 branch of the dungeon, and saw 2 of its levels.

You collected 53 gold pieces.

Inventory:

Hand Weapons
 a - a +0 mace (weapon)
Missiles
 e - 5 tomahawks of dispersal (quivered)
 j - 74 stones
 o - 33 sling bullets
Armour
 b - a +1 leather armour
 h - a +0 scale mail
 l - a +0 ring mail
 t - a cursed +0 robe (worn)
Scrolls
 d - a scroll of blinking
Potions
 m - a potion of flight {unknown}
 n - a potion of lignification {unknown}
Books
 c - a book of Spatial Translocations

   Spells                             Type                      Level
   a - Blink                          Translocation                2
   b - Shroud of Golubria             Charms/Translocation         2
   c - Lesser Beckoning               Translocation                3
   d - Gell's Gravitas                Translocation                3
   e - Teleport Other                 Translocation                3
   f - Passage of Golubria            Translocation                4
Comestibles
 f - 3 rations


   Skills:
 - Level 2.0 Fighting
 + Level 3.1 Maces & Flails
 - Level 0.8 Throwing
 - Level 0.7 Armour
 - Level 1.5 Dodging
 + Level 3.0 Spellcasting
 - Level 3.0 Translocations


You had 6 spell levels left.
You knew the following spells:

 Your Spells              Type           Power        Failure   Level  Hunger
a - Blink                 Tloc           N/A          10%         2    ###....


Dungeon Overview and Level Annotations

Branches:
Dungeon (2/15)

Altars:


Innate Abilities, Weirdness & Mutations

You cannot wear boots.
Your serpentine skin is tough. (AC +1)
You have supernaturally acute eyesight. (SInv)
Armour fits poorly on your strangely shaped body.
Your system is resistant to poisons. (rPois)
You cover ground very slowly.
You have a slow metabolism.
You can spit poison.


Message History

The adder poisons you! The adder bites you.
You hit the adder.
You kill the adder!
Your Spellcasting skill increases to level 3!
You feel sick. The adder bites you.
You hit the adder but do no damage. The adder closely misses you.
You sock the adder!
The adder is severely wounded.
You feel sick. The adder bites you.
* * * LOW HITPOINT WARNING * * *
The adder bites you but does no damage.
You closely miss the adder.
The adder is severely wounded.
You have got your breath back.
The adder barely misses you. The adder bites you.
* * * LOW HITPOINT WARNING * * *
It was a potion of might.
You feel very mighty all of a sudden. The adder bites you.
You die...

#.....# #.....+
#.....#
#.....######.
#.............
#.###.######.#
#. #........#
#. #S#.......
#.###@#......
###............
..........####.
.#######..#
#..# #..##
#...#
######..###.#
........)....#


You could see an adder.

Vanquished Creatures
  An adder (D:2)
  2 dart slugs (D:1)
  4 bats (D:1)
  2 giant cockroaches (D:1)
  6 hobgoblins (D:1)
  4 jackals (D:1)
  3 kobolds
  3 frilled lizards (D:1)
  5 goblins (D:1)
  3 rats (D:1)
33 creatures vanquished.

Notes
Turn   | Place    | Note
-------+----------+-------------------------------------------
     0 | D:1      | Golfball the Naga Warper began the quest for the Orb.
     0 | D:1      | Reached XP level 1. HP: 19/19 MP: 3/3
   130 | D:1      | Reached XP level 2. HP: 25/26 MP: 5/5
   145 | D:1      | Learned a level 2 spell: Blink
   642 | D:1      | Reached XP level 3. HP: 32/32 MP: 6/6
  1286 | D:2      | Slain by an adder

Skill      XL: |  1  2  3 |
---------------+----------+-----
Maces & Flails | 3 |  3.1
Spellcasting   | 3 |  3.0
Fighting       | |  2.0
Throwing       | |  0.8
Armour         | |  0.7
Dodging        | |  1.5
Translocations | |  3.0

Action                   || total
-------------------------++-------
Melee: Mace              ||    72
 Abil: Spit Poison       ||    29
  Use: Scroll            ||     6
       Potion            ||     1
  Eat: Chunk             ||     2
Armor: Leather armour    ||    20
       Robe              ||     4
Dodge: Dodged            ||    58
